 Dungeon Crawl Stone Soup version 0.20-a0-736-gd3249da (webtiles) character file.

5222 Angani the Spry (level 10, -24/48 HPs)
             Began as a Felid Fighter on Feb 23, 2017.
             Was a Believer of Cheibriados.
             Killed from afar by Josephine (31 damage)
             ... with a ghostly fireball
             ... on level 10 of the Dungeon.
             The game lasted 00:18:17 (10404 turns).

Angani the Spry (Felid Fighter)                    Turns: 10404, Time: 00:18:18

Health: -24/48     AC:  2    Str: 18    XL:     10   Next: 35%
Magic:  11/11      EV: 39    Int: 15    God:    Cheibriados [**....]
Gold:   384        SH:  0    Dex: 29    Spells: 9/9 levels left
                                        Lives:  0   Deaths: 3

rFire    . . .     SeeInvis +     - Unarmed
rCold    . . .     Gourm    .   (armour unavailable)
rNeg     . . .     Faith    .   (shield unavailable)
rPois    .         Spirit   .   (helmet unavailable)
rElec    .         Reflect  .   (cloak unavailable)
rCorr    .         Harm     .   (gloves unavailable)
MR       +....                  (boots unavailable)
Stlth    +++.......             (no amulet)
Regen    0.2/turn               h - +3 ring of dexterity
MPRegen  0.2/turn               H - +3 ring of evasion

@: about to teleport, heavily drained, very slow
A: no armour, no weapons or thrown items, stealth, claws 1, fangs 3, see
invisible, carnivore 3, speed 1, shaggy fur 2, slow metabolism 1, sharp paws
a: Bend Time, Renounce Religion


You were on level 10 of the Dungeon.
You worshipped Cheibriados.
Cheibriados was pleased with you.
You were very full.

You visited 2 branches of the dungeon, and saw 11 of its levels.
You also visited: Ossuary.

You collected 426 gold pieces.
You spent 42 gold pieces at shops.

Inventory:

Jewellery
 f - an uncursed ring of positive energy
 g - an uncursed ring of magical power
 h - a +3 ring of dexterity (right paw)
 y - a cursed amulet of inaccuracy {unknown}
 H - a +3 ring of evasion (left paw)
Wands
 n - a wand of confusion (37/48)
 r - a wand of flame (34/48)
 t - a wand of enslavement (9/24)
 D - a wand of flame (22/48)
 F - a wand of confusion (9/48)
 K - a wand of flame (37/48)
Scrolls
 d - 8 scrolls of remove curse
 l - 2 scrolls of identify
 m - 3 scrolls of immolation
 p - a scroll of amnesia {unknown}
 q - 2 scrolls of teleportation
 w - a scroll of blinking
 x - a scroll of recharging {unknown}
 G - a scroll of silence {unknown}
 J - a scroll of enchant weapon {unknown}
Potions
 a - 3 potions of mutation {unknown}
 c - 2 potions of resistance
 e - 4 potions of curing
 i - a potion of brilliance
 k - 2 potions of magic
 o - a potion of agility
 u - 2 potions of haste {unknown}
 v - a potion of ambrosia {unknown}
 A - a potion of cancellation {unknown}
 B - a potion of berserk rage {unknown}
 C - a potion of heal wounds {unknown}
 E - a potion of flight {unknown}
 I - a potion of invisibility {unknown}
Books
 s - a book of Cantrips

   Spells                             Type                      Level
   a - Confusing Touch                Hexes                        1
   b - Animate Skeleton               Necromancy                   1
   c - Summon Small Mammal            Summoning                    1
   d - Apportation                    Translocation                1
 z - a book of Geomancy

   Spells                             Type                      Level
   a - Sandblast                      Earth                        1
   b - Passwall                       Transmutation/Earth          2
   c - Stone Arrow                    Conjuration/Earth            3
   d - Petrify                        Transmutation/Earth          4
   e - Lee's Rapid Deconstruction     Earth                        5
Comestibles
 b - 5 meat rations
 j - 10 royal jellies


   Skills:
 + Level 8.0(6.0) Fighting
 - Level 17.6(15.1) Dodging
 - Level 10.1(8.1) Unarmed Combat


You had 9 spell levels left.
You didn't know any spells.

Dungeon Overview and Level Annotations

Branches:
Dungeon (10/15)            Temple (1/1) D:5
   Lair: D:8-11         Orc: D:9-12

Altars:
Ashenzari
Cheibriados
Dithmenos
Elyvilon
Fedhas
Gozag
Hepliaklqana
Kikubaaqudgha
Makhleb
Nemelex Xobeh
Okawaru
Qazlal
Ru
Sif Muna
Trog
Uskayaw
Vehumet
Wu Jian
Xom
Yredelemnul
Zin
The Shining One

Shops:
D:4 [   D:6 [   D:9 ?

Annotations:
D:10 Josephine


Innate Abilities, Weirdness & Mutations

You cannot wear armour.
You are incapable of wielding weapons or throwing items.
Your paws allow you to move quietly. (Stealth)
You have sharp claws.
You have razor-sharp teeth.
You have supernaturally acute eyesight. (SInv)
You are carnivorous and can eat meat at any time.
You cover ground quickly.
You are covered in thick fur. (AC +2)
You have a slow metabolism.
Your sharp claws are effective at attacking unaware monsters.


Message History

The ghostly fireball engulfs the wraith.
The wraith completely resists.
The ghostly fireball engulfs you!
You feel drained.
Ouch! That really hurt!
* * * LOW HITPOINT WARNING * * *
2 wraiths come into view.
The wraith completely misses you. The wraith completely misses you.
The wraith completely misses you. The wraith completely misses you.
As you read the scroll of teleportation, it crumbles to dust.
You feel strangely unstable. The wraith completely misses you.
The wraith completely misses you.
Josephine gestures at you while chanting.
The ghostly flame explodes!
The ghostly fireball engulfs the wraith.
The wraith completely resists.
The ghostly fireball engulfs you!
You feel drained.
Ouch! That really hurt!
You die...

########.. ##.........
###.#.#####. #..###.#
#######.#.#.## #.#
#..W@...@..######### #.#
#.#####.#.##@......# #.#
#.# #.#W##W......# #.#
@.# ###.#.##.......# #.#
.W.#
#...#..@.......######.##
....#
#.#.####.......#.......#
##.### #...#
#.......#.##..<.# ##
##.## #.......#.##....#
#.#############.##....#
#.........# #.###.#.#


You could see Josephine and a wraith.

Vanquished Creatures
  A two-headed ogre (D:8)
  The ghost of ahoge the Cleaver, a novice MiBe of Trog (D:8)
  The ghost of smajdalf the Zephyrmancer, a novice TeAE of Vehumet (D:9)
  Joseph (D:9)
  3 hornets
  6 yaks (D:9)
  Sigmund (D:2)
  Menkaure (D:6)
  Edmund (D:6)
  A soldier ant (D:9)
  An orc warrior (D:9)
  4 necrophages
  5 ogres
  5 black bears
  2 phantoms (D:4)
  3 centaurs
  6 bullfrogs
  An elf zombie (Ossuary)
  2 scorpions
  2 crimson imps
  2 jellies
  A bullfrog zombie (D:5)
  A bullfrog skeleton (D:6)
  3 hounds
  2 human zombies (Ossuary)
  4 orc priests
  2 centaur skeletons
  3 iguanas
  Natasha (D:3)
  14 worker ants
  2 orc wizards
  A killer bee zombie (D:7)
  A big kobold zombie (Ossuary)
  A hound skeleton (D:4)
  2 mummies (Ossuary)
  A howler monkey zombie (D:5)
  3 gnolls (D:7)
  12 adders
  A shadow imp (D:7)
  An ooze (D:4)
  6 adder zombies
  An adder skeleton (D:9)
  2 worms
  2 dart slugs
  6 leopard geckos
  12 orcs
  4 giant cockroaches
  5 goblins
  A hobgoblin (D:1)
  5 jackals
  4 quokkas
  2 ball pythons (D:4)
  5 frilled lizards
  A goblin zombie (Ossuary)
  11 hobgoblin zombies (Ossuary)
  2 jackal zombies (Ossuary)
  3 kobolds
  5 kobold zombies (Ossuary)
  A leopard gecko skeleton (D:4)
  A leopard gecko zombie (D:5)
  11 orc zombies (Ossuary)
  2 quokka zombies (D:5)
  2 rats
  A rat zombie (Ossuary)
  A bush (D:7)
202 creatures vanquished.

Vanquished Creatures (others)
  2 plants (D:7)
2 creatures vanquished.

Grand Total: 204 creatures vanquished

Notes
Turn   | Place    | Note
-------+----------+-------------------------------------------
     0 | D:1      | Angani the Felid Fighter began the quest for the Orb.
     0 | D:1      | Reached XP level 1. HP: 10/10 MP: 2/2
   369 | D:1      | Reached XP level 2. HP: 14/14 MP: 3/3
   840 | D:2      | Found a sparkling altar of Nemelex Xobeh.
   862 | D:2      | Noticed Sigmund
   881 | D:2      | Killed Sigmund
   881 | D:2      | Reached XP level 3. HP: 17/17 MP: 4/4
   881 | D:2      | Reached XP level 4. HP: 21/21 MP: 5/5
   881 | D:2      | Reached XP level 5. HP: 24/24 MP: 6/6
  1106 | D:2      | Found a basalt altar of Yredelemnul.
  1459 | D:2      | Found a shimmering altar of Xom.
  1459 | D:2      | Found a shimmering altar of Xom.
  1459 | D:2      | Found a shimmering altar of Xom.
  1460 | D:2      | Found a shimmering altar of Xom.
  1461 | D:2      | Found a shimmering altar of Xom.
  1469 | D:2      | You fall through a shaft!
  1474 | D:3      | Noticed Natasha
  1480 | D:3      | Killed Natasha
  1480 | D:3      | Reached skill level 5 in Dodging
  1744 | D:2      | Found a bloodstained altar of Trog.
  1837 | D:2      | You fall through a shaft for 2 floors!
  1874 | D:4      | Gained mutation: You are covered in thick fur. (AC +2) [Felid growth]
  1874 | D:4      | Reached XP level 6. HP: 4/28 MP: 7/7
  2144 | D:4      | Found Voguxtoc's Armour Shoppe.
  2163 | D:4      | Reached skill level 6 in Dodging
  2263 | D:4      | Found a shattered altar of Ashenzari.
  2675 | D:4      | Reached skill level 7 in Dodging
  2771 | D:5      | Entered Level 5 of the Dungeon
  3167 | D:5      | Reached skill level 8 in Dodging
  3249 | D:5      | Reached XP level 7. HP: 27/31 MP: 8/8
  3468 | D:4      | Reached skill level 9 in Dodging
  4108 | D:6      | Slain by an ogre
  4109 | D:6      | Reached XP level 6. HP: 0/28 MP: 7/7
  4122 | D:6      | Noticed Edmund
  4135 | D:6      | Killed Edmund
  4135 | D:6      | Reached skill level 10 in Dodging
  4135 | D:6      | Reached XP level 7. HP: 5/31 MP: 8/8
  4452 | D:6      | Noticed Menkaure
  4465 | D:6      | Killed Menkaure
  4465 | D:6      | Reached skill level 11 in Dodging
  4948 | D:5      | Reached skill level 12 in Dodging
  4948 | D:5      | Reached XP level 8. HP: 34/34 MP: 9/9
  5112 | D:5      | Found a staircase to the Ecumenical Temple.
  5123 | Temple   | Entered the Ecumenical Temple
  5140 | Temple   | Became a worshipper of Cheibriados the Contemplative
  5628 | D:5      | Found a glowing golden altar of the Shining One.
  6070 | D:6      | Reached skill level 17 in Dodging
  6070 | D:6      | Reached XP level 9. HP: 37/37 MP: 10/10
  6274 | D:6      | Found Orockak's Antique Armour Emporium.
  6361 | D:6      | Found a hide-covered altar of Uskayaw.
  6522 | D:7      | Found a sand-covered staircase.
  6531 | Ossuary  | Entered an ossuary
  6857 | D:7      | Reached * piety under Cheibriados
  7428 | D:7      | Found a blossoming altar of Fedhas.
  7653 | D:7      | Reached XP level 10. HP: 34/42 MP: 11/11
  7752 | D:8      | Noticed ahoge's ghost (novice MiBe)
  7767 | D:8      | Slain by ahoge's ghost
  7768 | D:8      | Reached XP level 9. HP: -1/37 MP: 10/10
  7773 | D:8      | Found a shadowy altar of Dithmenos.
  7788 | D:8      | Killed ahoge's ghost
  7788 | D:8      | Reached skill level 10 in Unarmed Combat
  8100 | D:8      | Noticed a two-headed ogre
  8115 | D:8      | Slain by a two-headed ogre
  8116 | D:8      | Reached XP level 8. HP: -1/34 MP: 9/9
  8143 | D:8      | Reached ** piety under Cheibriados
  8153 | D:8      | HP: 1/34 [two-headed ogre/+0 dire flail (13)]
  8154 | D:8      | Killed a two-headed ogre
  8154 | D:8      | Reached XP level 9. HP: 2/39 MP: 10/10
  8715 | D:9      | Noticed Joseph
  8732 | D:9      | Killed Joseph
  8732 | D:9      | Reached skill level 5 in Fighting
  8858 | D:9      | Found a radiant altar of Vehumet.
  8867 | D:9      | Found an iron altar of Okawaru.
  8881 | D:9      | Noticed smajdalf's ghost (novice TeAE)
  8894 | D:9      | Killed smajdalf's ghost
  8997 | D:9      | Found Datrusod's Magic Scroll Boutique.
  9004 | D:9      | Bought a scroll of teleportation for 42 gold pieces
  9193 | D:9      | Reached XP level 10. HP: 24/46 MP: 11/11
  9407 | D:9      | Found a deep blue altar of Sif Muna.
 10297 | D:10     | Entered Level 10 of the Dungeon
 10387 | D:10     | Noticed Josephine
 10404 | D:10     | Killed from afar by Josephine

Vault maps used:
D:1:      dpeg_arrival_refuge
D:2:      nicolae_overflow_crystal_walls, xom_redecorated, old_standard_altar,
          lemuel_coloured_pillars_altar, minmay_misc_feat_enclosed, uniq_sigmund
D:3:      serial_bayou_ford_a, uniq_grinder, uniq_natasha
D:4:      cheibrodos_ashenzari_chains, serial_shops, shop_fountains
D:5:      old_standard_altar, temple_fountains, first_bread
D:6:      marbit_many_paths, serial_shops, kennysheep_mini, minivault_26,
          uniq_menkaure, uniq_edmund
D:7:      fedhas_altar_decomposition, enter_ossuary_3
D:8:      grunt_dithmenos_smoke
D:9:      lemuel_doored_altar, grunt_temple_overflow_open, serial_shops, shop,
          hangedman_pestilent_swarm, uniq_joseph
D:10:     david_lair_generic, uniq_josephine
Temple:   chequers_temple_sunken
Ossuary:  ossuary_tomb_1

Skill      XL: |  1  2  3  4  5  6  7  8  9 10 |
---------------+-------------------------------+-----
Unarmed Combat | 6 8 10 | 10.1
Dodging        | 5 10 12 17 | 17.6
Fighting       | 4 6 8 |  8.0

Action                   |  1- 3 |  4- 6 |  7- 9 | 10-12 || total
-------------------------+-------+-------+-------+-------++-------
Melee: Unarmed           |    37 |   131 |   543 |    81 ||   792
       Bite              |     4 |    18 |    77 |    21 ||   120
       Punch             |     2 |     4 |    25 |     6 ||    37
  Use: Scroll            |       |     6 |     6 |     1 ||    13
       Potion            |       |     1 |     3 |     1 ||     5
 Stab: Sleeping          |     2 |     7 |     6 |     4 ||    19
       Distracted        |       |       |     3 |       ||     3
  Eat: Chunk             |     4 |     8 |    20 |     1 ||    33
Armor: Skin              |     1 |     3 |     9 |       ||    13
Dodge: Dodged            |    25 |    82 |   458 |    66 ||   631
